 Dungeon Crawl Stone Soup version 0.31.0-32-g396128a36d (webtiles) character file.

Game seed: 16821415944129933380

28 box the Firebug (level 2, -2/20 HPs)
             Began as a Draconian Fire Elementalist on Apr 3, 2024.
             Slain by a ribbon worm (4 damage)
             ... on level 2 of the Dungeon.
             The game lasted 00:09:22 (235 turns).

box the Firebug (Draconian Fire Elementalist)        Turns: 235, Time: 00:09:23

Health: -2/20      AC:  4    Str: 10    XL:     2   Next: 96%
Magic:  0/5        EV: 12    Int: 15    God:
Gold:   11         SH:  0    Dex: 11    Spells: 4/5 levels left

rFire   . . .        (no weapon)
rCold   . . .        (no shield)
rNeg    . . .        (body armour unavailable)
rPois   .            (helmet restricted)
rElec   .            (no cloak)
rCorr   .            (no gloves)
SInv    .            (no boots)
Will    .....        (no amulet)
Stlth   ++           (no ring)
HPRegen 0.23/turn    (no ring)
MPRegen 0.09/turn

%: no passive effects
@: no status effects
A: AC +4, unfitting armour, cold-blooded
a: no special abilities


You were on level 2 of the Dungeon.
You visited 1 branch of the dungeon, and saw 2 of its levels.

You collected 11 gold pieces.

Inventory:

Armour
 b - a +0 ring mail
Jewellery
 d - an amulet of regeneration
Scrolls
 f - a scroll of poison {unknown}
Potions
 a - a potion of magic
 c - a potion of invisibility {unknown}
 e - a potion of attraction {unknown}


   Skills:
 + Level 2.2 Dodging
 + Level 1.8 Stealth
 + Level 0.2 Unarmed Combat
 * Level 2.2 Spellcasting
 + Level 1.1 Conjurations
 + Level 3.5 Fire Magic


You had 4 spell levels left.
You knew the following spells:

 Your Spells              Type           Power      Damage    Failure   Level
a - Foxfire               Conj/Fire      32%        2x1d5     9%          1

Your spell library contained the following spells:

 Spells                   Type           Power      Damage    Failure   Level
 Scorch                   Fire           24%        2d6       8%          2
 Sting                    Conj/Alch      12%        1d3       17%         1
 Apportation              Tloc           2%         N/A       22%         1
 Necrotise                Necr           4%         1d4       22%         1
 Summon Small Mammal      Summ           4%         N/A       22%         1
 Inner Flame              Hex/Fire       7%         N/A       30%         3
 Volatile Blastmotes      Fire/Tloc      14%        2d11      30%         3
 Flame Wave               Conj/Fire      8%         2d5       63%         4


Dungeon Overview and Level Annotations

Branches:
Dungeon (2/15)

Altars:


Innate Abilities, Weirdness & Mutations

Your plain brown scales are hard. (AC +4)
You cannot fit into any form of body armour.
You are cold-blooded and may be slowed by cold attacks.


Message History

The foxfire hits the ribbon worm.
The ribbon worm is heavily wounded.
The ribbon worm misses you.
Casting: Foxfire (safe; 9% risk of failure)
Confirm with . or Enter, or press ? or * to list all spells.
You don't have enough magic to cast this spell.
You hit the ribbon worm but do no damage.
The ribbon worm is heavily wounded.
The ribbon worm expels a string of sticky webbing.
The stream of webbing hits you but does no damage.
You are caught in a web!
You struggle to detach yourself from the web.
The web tears apart.
The ribbon worm bites you.
You barely miss the ribbon worm.
The ribbon worm is moderately wounded.
The ribbon worm barely misses you.
You barely miss the ribbon worm.
The ribbon worm is moderately wounded.
The ribbon worm bites you.
You hit the ribbon worm but do no damage.
The ribbon worm is moderately wounded.
The ribbon worm bites you.
* * * LOW HITPOINT WARNING * * *
You hit the ribbon worm.
The ribbon worm is moderately wounded.
You hit the ribbon worm.
Your tail-slap misses the ribbon worm.
The ribbon worm is moderately wounded.
The ribbon worm bites you.
* * * LOW HITPOINT WARNING * * *
You hit the ribbon worm.
The ribbon worm is heavily wounded.
The ribbon worm barely misses you.
You hit the ribbon worm.
The ribbon worm is heavily wounded.
The ribbon worm expels a string of sticky webbing.
The stream of webbing misses you.
Casting: Foxfire (safe; 9% risk of failure)
Confirm with . or Enter, or press ? or * to list all spells.
You conjure some foxfire!
The ribbon worm bites you.
You die...

..# ?...# #.#. . #
##.#.###.#.#.#. #.
#..............
#.##..#.#.#......##
#?#.......... ...#
#.......#.#. #..#
#.wvv....#>##..#
#.#@...#...<.†.#####
#.##.#.###..........
#w##.#.# ###...####<
#.##.#.#####...#
#.##......[....#
#.....)....#.†##
######........#
###...#.## ##'##...


You could see a ribbon worm (catching breath, ally target).

Vanquished Creatures
  An adder (D:2)
  3 dart slugs
  A ball python (D:2)
  4 endoplasms (D:1)
  2 goblins
  A rat (D:2)
12 creatures vanquished.

Vanquished Creatures (others)
  27 foxfires
27 creatures vanquished.

Grand Total: 39 creatures vanquished

Notes
Turn   | Place    | Note
-------+----------+-------------------------------------------
     0 | D:1      | box the Draconian Fire Elementalist began the quest for the
                  | Orb.
     0 | D:1      | Reached XP level 1. HP: 14/14 MP: 3/3
    66 | D:1      | Reached XP level 2. HP: 2/20 MP: 0/5
   235 | D:2      | Slain by a ribbon worm

Illustrated notes

Levels and vault maps discovered:
D:1:      giann_wishing_wells, layout_basic,
          shapermc_ecumenical_altar_mp_urbaneastern, minmay_misc_feat_enclosed
D:2:      layout_loops_ring, serial_shops, shop, grunt_ministairs_15,
          uniq_robin, uniq_jessica

Skill      XL: |  1 |
---------------+----+-----
Dodging        | 2 |  2.2
Stealth        | |  1.8
Unarmed Combat | |  0.2
Spellcasting   | |  2.2
Conjurations   | |  1.1
Fire Magic     | |  3.5

Action                     || total
---------------------------++-------
  Melee: Unarmed           ||    27
         Punch             ||     1
         Tailslap          ||     1
   Cast: Foxfire           ||    19
 Armour: Skin              ||    21
  Dodge: Dodged            ||    16
